 Dungeon Crawl Stone Soup version 0.29.1-2-gbd0b4ee654 (webtiles) character file.

Game seed: 12867922886717387601

66 Peloso the Covered (level 3, 0/33 HPs)
             Began as a Minotaur Fighter on Nov 30, 2022.
             Succumbed to Ijyb's poison
             ... on level 3 of the Dungeon.
             The game lasted 00:03:22 (2195 turns).

Peloso the Covered (Minotaur Fighter)               Turns: 2195, Time: 00:03:24

Health: 0/33       AC:  9    Str: 20    XL:     3   Next: 96%
Magic:  2/2        EV:  7    Int:  5    God:
Gold:   131        SH:  4    Dex: 11    Spells: 2/2 levels left

rFire   . . .      SeeInvis .   a - +0 long sword
rCold   . . .      Faith    .   c - +0 buckler
rNeg    . . .      Spirit   .   d - +0 chain mail
rPois   .          Reflect  .   (helmet restricted)
rElec   .          Harm     .   (no cloak)
rCorr   .          Rampage  .   (no gloves)
Will    .....                   (no boots)
Stlth   ..........              (no amulet)
HPRegen 0.11/turn               (no ring)
MPRegen 0.08/turn               (no ring)

@: lethally poisoned (0 -> -11)
A: horns 2, retaliatory headbutt
a: no special abilities


You were on level 3 of the Dungeon.
You visited 1 branch of the dungeon, and saw 3 of its levels.

You collected 131 gold pieces.

Inventory:

Hand Weapons
 a - a +0 long sword (weapon)
Armour
 b - a +0 scale mail
 c - a +0 buckler (worn)
 d - a +0 chain mail (worn)
Wands
 p - a wand of quicksilver (12)
Scrolls
 g - a scroll of enchant weapon {unknown}
 i - a scroll of teleportation {unknown}
 j - 2 scrolls of identify {unknown}
 k - a scroll of enchant armour {unknown}
 l - 2 scrolls of blinking {unknown}
 m - a scroll of amnesia {unknown}
 n - a scroll of poison {unknown}
 q - a scroll of vulnerability {unknown}
Potions
 e - a potion of might
 f - 3 potions of curing {unknown}
 h - a potion of degeneration {unknown}
 o - a potion of flight {unknown}


   Skills:
 + Level 4.0 Fighting
 + Level 3.0 Long Blades
 + Level 4.7 Armour
 + Level 4.3 Shields


You had 2 spell levels left.
You didn't know any spells.
Your spell library was empty.

Dungeon Overview and Level Annotations

Branches:
Dungeon (3/15)

Altars:

Annotations:
D:3 Ijyb


Innate Abilities, Weirdness & Mutations

You have a pair of horns on your head.
You reflexively headbutt those who attack you in melee.


Message History

f - 3 emerald potions (gained 1)
l - 2 scrolls labelled DAEDWU NEFFOECS (gained 1)
Found a stone staircase leading down.
Ijyb the Twisted Goblin comes into view.
She is wielding a +0 dagger of venom and carrying a wand of iceblast (9).
Ijyb is nearby!
A goblin comes into view. It is wielding a +0 club.
The goblin shouts!
The goblin reads a scroll.
Wisps of shadow swirl around the goblin.
Ijyb closely misses you.
You barely miss Ijyb. You headbutt Ijyb.
Ijyb is moderately wounded.
Ijyb hits you with a +0 dagger of venom.
Ijyb hits you but does no damage.
You are poisoned.
The jackal barks!
You hit Ijyb. Your headbutt misses Ijyb.
Ijyb is moderately wounded.
You feel very sick. Ijyb hits you but does no damage.
You are more poisoned.
You barely miss Ijyb.
Ijyb is moderately wounded.
You feel very sick.
Ijyb hits you with a +0 dagger of venom.
You are lethally poisoned!
You closely miss Ijyb. You headbutt Ijyb, but do no damage.
Ijyb is moderately wounded.
You feel very sick. Ijyb barely misses you. You furiously retaliate!
You headbutt Ijyb. Ijyb hits you but does no damage.
You closely miss Ijyb.
Ijyb is heavily wounded.
* * * LOW HITPOINT WARNING * * *
You feel very sick.
Ijyb hits you with a +0 dagger of venom.
* * * LOW HITPOINT WARNING * * *
You miss Ijyb. Your headbutt misses Ijyb.
Ijyb is heavily wounded.
You die...

###.......#
#.........#
#####.#.#
#.##......# #.#.#
#.#.#.###.##
#.#.###..##.# #.>#
#.......#.#.###.##
###.######......#
#.# ##.#..##
#.########h...####
........@gKg.....+
#.#########h..####
#.# ..## ... .##
K# S# .g ##


You could see Ijyb, 2 jackals, a goblin and a kobold (summoned).

Vanquished Creatures
  Terence (D:2)
  An adder (D:2)
  3 ball pythons
  An endoplasm (D:1)
  2 goblins (D:2)
  2 hobgoblins
  6 jackals
  2 kobolds
  A quokka (D:1)
  3 bats
  3 frilled lizards
  5 rats (D:2)
30 creatures vanquished.

Notes
Turn   | Place    | Note
-------+----------+-------------------------------------------
     0 | D:1      | Peloso the Minotaur Fighter began the quest for the Orb.
     0 | D:1      | Reached XP level 1. HP: 19/19 MP: 0/0
   107 | D:1      | Reached XP level 2. HP: 18/27 MP: 1/1
   590 | D:1      | Found a faded altar of an unknown god.
  1118 | D:2      | Reached XP level 3. HP: 30/33 MP: 2/2
  1749 | D:2      | Noticed Terence
  1761 | D:2      | Killed Terence
  2183 | D:3      | Noticed Ijyb
  2195 | D:3      | Succumbed to Ijyb's poison

Illustrated notes

Levels and vault maps discovered:
D:1:      minmay_arrival_split_and_join, layout_basic,
          shapermc_ecumenical_altar_ellora
D:2:      layout_basic, uniq_terence
D:3:      layout_loops_corners, nicolae_overflow_ecumenical_swirl, uniq_jessica,
          uniq_sigmund, uniq_ijyb

Skill      XL: |  1  2  3 |
---------------+----------+-----
Shields        | 4 |  4.3
Armour         | 4 |  4.7
Fighting       | 4 |  4.0
Long Blades    | 3 |  3.0

Action                   || total
-------------------------++-------
Melee: Long sword        ||    77
       Headbutt          ||    11
Armor: Scale mail        ||    18
       Chain mail        ||    28
Dodge: Dodged            ||    34
Block: Buckler           ||    15
